 Dungeon Crawl Stone Soup version 0.29-a0-821-g66395355a5 (webtiles) character file.

Game seed: 11030058085732766019

127 porpoise the Chopper (level 5, -1/46 HPs)
             Began as a Hill Orc Warper on July 8, 2022.
             Slain by a jelly (3 damage)
             ... on level 4 of the Dungeon.
             The game lasted 00:09:24 (3278 turns).

porpoise the Chopper (Hill Orc Warper)              Turns: 3278, Time: 00:09:25

Health: -1/46      AC: -1    Str: 16    XL:     5   Next: 11%
Magic:  7/7        EV:  9    Int: 13    God:
Gold:   153        SH:  0    Dex: 10    Spells: 7/7 levels left

rFire   . . .      SeeInvis .   a - +0 hand axe
rCold   . . .      Faith    .   (no shield)
rNeg    . . .      Spirit   .   f - +0 scale mail
rPois   .          Reflect  .   (no helmet)
rElec   .          Harm     .   (no cloak)
rCorr   .          Rampage  .   (no gloves)
Will    .....                   (no boots)
Stlth   ..........              (no amulet)
HPRegen 0.15/turn               (no ring)
MPRegen 0.10/turn               (no ring)

@: brilliant, corroded
A: no striking features
a: no special abilities


You were on level 4 of the Dungeon.
You visited 1 branch of the dungeon, and saw 4 of its levels.

You collected 153 gold pieces.

Inventory:

Hand Weapons
 a - a +0 hand axe (weapon)
 b - a +1 sling
 w - a +0 trident
Missiles
 d - 7 boomerangs of dispersal (quivered)
 e - 27 poisoned darts
Armour
 f - a +0 scale mail (worn)
Scrolls
 c - a scroll of blinking
 g - a scroll of torment {unknown}
 i - a scroll of enchant weapon
 k - a scroll of enchant armour {unknown}
 n - a scroll of identify {unknown}
 o - a scroll of fog {unknown}
Potions
 h - a potion of curing
 j - a potion of brilliance
 l - a potion of degeneration {unknown}
 m - a potion of heal wounds {unknown}
 p - a potion of haste {unknown}
 q - a potion of magic {unknown}


   Skills:
 + Level 4.0 Fighting
 * Level 5.8 Axes
 - Level 0.8 Throwing
 - Level 1.1 Armour
 - Level 1.5 Dodging
 - Level 1.5 Spellcasting
 - Level 2.4 Translocations


You had 7 spell levels left.
You didn't know any spells.
Your spell library contained the following spells:

 Spells                   Type           Power      Damage    Failure   Level
 Blink                    Tloc           20%        N/A       50%         2
 Gell's Gravitas          Tloc           10%        N/A       73%         3
 Lesser Beckoning         Tloc           10%        N/A       73%         3
 Teleport Other           Tloc           10%        N/A       73%         3
 Conjure Flame            Conj/Fire      1%         6-21      96%         3
 Ignite Poison            Fire/Tmut/Pois 1%         N/A       96%         3
 Sticky Flame             Conj/Fire      1%         2d3       100%        4
 Manifold Assault         Tloc           10%        N/A       100%        5


Dungeon Overview and Level Annotations

Branches:
Dungeon (4/15)
 Temple: D:4-7

Altars:
Fedhas


Message History

Unknown command.
You slash the jelly!
Your hands burn!
The jelly is moderately wounded.
The jelly hits you but does no damage.
You hit the jelly.
Your hands burn!
The jelly is heavily wounded.
The jelly hits you.
You are splashed with acid!
You hit the jelly.
Your hands burn!
The jelly is heavily wounded.
The jelly hits you but does no damage.
You hit the jelly but do no damage.
Your hands burn!
The jelly is heavily wounded.
The jelly closely misses you.
You hit the jelly but do no damage. The acid corrodes you!
Your hands burn!
The jelly is heavily wounded.
The jelly hits you. The acid corrodes you!
You are splashed with acid!
* * * LOW HITPOINT WARNING * * *
You hit the jelly.
Your hands burn!
* * * LOW HITPOINT WARNING * * *
The jelly is heavily wounded.
The jelly closely misses you.
You feel better. The jelly hits you.
* * * LOW HITPOINT WARNING * * *
You are splashed with acid.
* * * LOW HITPOINT WARNING * * *
You hit the jelly but do no damage.
Your hands burn!
* * * LOW HITPOINT WARNING * * *
The jelly is heavily wounded.
The jelly closely misses you.
You hit the jelly but do no damage.
Your hands burn!
* * * LOW HITPOINT WARNING * * *
The jelly is heavily wounded.
The jelly barely misses you.
You aren't carrying any items that you can evoke.
Unknown command.
Unknown command.
It was a potion of brilliance.
You feel clever all of a sudden. The jelly hits you.
You die...

#.#.###.#
.#
#....##.#
.#
#....##.#
..
#....##.#
..
#.##.##.#
#.......#
####..###
##.# #@#
#J# #.#
#.. ###.
.. .. #..
...


You could see a jelly.

Vanquished Creatures
  A scorpion (D:4)
  7 dart slugs
  An orc (D:3)
  4 endoplasms
  4 giant cockroaches
  6 goblins
  9 hobgoblins
  8 kobolds
  A quokka (D:1)
  A ball python (D:1)
  5 bats
  A frilled lizard (D:1)
  A rat (D:1)
49 creatures vanquished.

Vanquished Creatures (others)
  11 plants
11 creatures vanquished.

Grand Total: 60 creatures vanquished

Notes
Turn   | Place    | Note
-------+----------+-------------------------------------------
     0 | D:1      | porpoise the Hill Orc Warper began the quest for the Orb.
     0 | D:1      | Reached XP level 1. HP: 18/18 MP: 3/3
   131 | D:1      | Reached skill level 3 in Axes
   182 | D:1      | Reached XP level 2. HP: 25/25 MP: 4/4
   289 | D:1      | Reached skill level 4 in Axes
   417 | D:1      | Reached XP level 3. HP: 31/31 MP: 5/5
   430 | D:1      | You fall into a shaft and drop 1 floor!
   443 | D:2      | Found a blossoming altar of Fedhas.
  1179 | D:1      | Found a faded altar of an unknown god.
  2496 | D:3      | Reached XP level 4. HP: 38/38 MP: 6/6
  2953 | D:4      | Reached skill level 5 in Axes
  3028 | D:4      | Noticed a scorpion
  3047 | D:4      | Killed a scorpion
  3048 | D:4      | Reached XP level 5. HP: 26/46 MP: 7/7
  3276 | D:4      | HP: 2/46 [acid (5)]
  3278 | D:4      | Slain by a jelly

Illustrated notes

Levels and vault maps discovered:
D:1:      kilobyte_arrival_exit_the_forest, layout_rooms,
          shapermc_ecumenical_altar_mp_vishouse, serial_bayou_pond_b,
          grunt_decor_one_mirror, minmay_door_square, kennysheep_nondescript
D:2:      layout_basic, basic_altar, serial_forest,
          infiniplex_forest_straight_5, infiniplex_forest_zigzag_1,
          infiniplex_forest_split, infiniplex_forest_clump_small,
          infiniplex_forest_straight_2, infiniplex_forest_end_double,
          infiniplex_forest_lined_3, infiniplex_forest_straight_2,
          minmay_crystal_room, minmay_misc_feat_roman
D:3:      layout_loops_ring
D:4:      cheibrodos_quashed, layout_loops_cross, minmay_temple_entry_junction,
          lemuel_flame_loot_1

Skill      XL: |  1  2  3  4 |
---------------+-------------+-----
Axes           | 3 4 5 |  5.8
Fighting       | 3 4 |  4.0
Throwing       | |  0.8
Armour         | |  1.1
Dodging        | |  1.5
Spellcasting   | |  1.5
Translocations | |  2.4

Action                   |  1- 3 |  4- 6 || total
-------------------------+-------+-------++-------
Melee: Hand axe          |    88 |    31 ||   119
       Punch             |     1 |       ||     1
 Fire: Sling             |    66 |    18 ||    84
  Use: Scroll            |     1 |       ||     1
       Potion            |       |     3 ||     3
Armor: Leather armour    |    10 |       ||    10
       Scale mail        |    23 |    12 ||    35
Dodge: Dodged            |    48 |    12 ||    60

Table legend: (Time is in decaauts)
 A = Elapsed time spent in this place.
 B = Non-inter-level travel time spent in this place.
 C = Inter-level travel time spent in this place.
 D = Time resting spent in this place.
 E = Time spent auto-exploring this place.
 F = Levels seen in this place.
 G = Mean time per level.
                   A        B        C        D        E       F      G
               +--------+--------+--------+--------+--------+-----+--------+
         Total |   3314 |   2987 |    327 |    453 |   2054 |   4 |  828.5 |
       Dungeon |   3314 |   2987 |    327 |    453 |   2054 |   4 |  828.5 |
               +--------+--------+--------+--------+--------+-----+--------+

Top non-repeatable levels by time:
     D:1: 1323 daAuts
     D:2: 1093 daAuts
     D:3: 556 daAuts
     D:4: 341 daAuts
